Map: Torches LE

Players

Classic

  • Race: Protoss Protoss
  • Spawn Location: 5:00

LiquidClem (Clem) - Winner!

  • Race: Terran Terran
  • League: Master
  • Spawn Location: 1:00

Event: DreamHack Dallas 2025

VOD

Have the link to the VOD?

Description

Time

  • Played on: May 24, 2025, 1:39 p.m.
  • Length: 11:07

All games in this series

Show
View Real Time Build Order
Export as new Build Order

Classic Protoss 

Build Orders: 1 Gate Expand, Oracle Opening, Blink Stalkers 

Get SALT Encoding   

  12  0:00  Probe  
  13  0:12  Probe  
  14  0:17  Pylon  
  14  0:24  Probe  
  15  0:32  Probe  
  15  0:36  Gateway  
  15  0:40  Probe  
  16  0:46  Assimilator  
  17  0:50  Probe  
  18  1:03  Probe  
  19  1:15  Probe  
  20  1:23  Cybernetics Core  
  20  1:33  Nexus  
  20  1:39  Pylon  
  20  1:42  Probe  
  21  1:47  Stalker  
  21  1:48  Assimilator  
  21  1:54  Probe  
  24  2:02  Warp Gate  
  24  2:06  Probe  
  25  2:13  Stalker  
  25  2:19  Probe  
  28  2:32  Twilight Council  
  28  2:33  Probe  
  29  2:43  Probe  
  29  2:44  Gateway  
  29  2:45  Probe  
  29  2:49  Blink  
  31  2:51  Probe  
  31  2:57  Probe  
  33  3:00  Probe  
  34  3:08  Probe  
  34  3:09  Probe  
  36  3:16  Probe  
  36  3:18  Gateway  
  36  3:21  Probe  
  36  3:24  Shield Battery  
  36  3:25  Oracle  
  38  3:28  Probe  
  38  3:33  Probe  
  42  3:41  Pylon  
  42  3:48  Nexus  
  40  3:51  Sentry  
  40  3:53  Stalker  
  44  3:56  Pylon  
  44  4:02  Phoenix  
  44  4:04  Probe x2  
  44  4:09  Pylon  
  46  4:16  Stalker x3  
  52  4:21  Probe x2  
  54  4:26  Pylon  
  54  4:39  Stalker x2  
  54  4:43  Stalker  
  58  4:50  Charge  
  41  5:03  Probe x3  
  41  5:06  Stalker  
  41  5:07  Stalker  
  46  5:11  Stalker  
  48  5:15  Probe  
  48  5:19  Probe x2  
  47  5:26  Probe  
  44  5:28  Probe  
  44  5:30  Probe  
  44  5:34  Probe  
  46  5:36  Probe, Sentry  
  46  5:38  Probe, Stalker  
  46  5:39  Zealot  
  46  5:42  Probe  
  54  5:45  Probe  
  54  5:48  Gateway, Probe  
  57  5:52  Gateway  
  57  5:56  Shield Battery  
  57  6:03  Stalker  
  59  6:04  Zealot x2  
  59  6:09  Probe x2  
  59  6:10  Probe  
  66  6:13  Gateway  
  66  6:25  Zealot x2  
  68  6:28  Zealot  
  58  6:37  Gateway  
  56  6:44  Zealot  
  56  6:45  Zealot x2  
  60  6:48  Gateway  
  60  6:49  Zealot x2  
  60  6:50  Pylon  
  64  6:58  Nexus  
  64  7:06  Sentry, Zealot x2  
  70  7:14  Pylon  
  70  7:22  Probe x2  
  70  7:25  Robotics Facility  
  70  7:34  Probe x2  
  70  7:36  Pylon  
  72  7:38  Pylon  
  72  7:41  Stalker x2  
  72  7:42  Shield Battery  
  76  7:46  Probe  
  76  7:48  Forge  
  77  7:52  Pylon  
  77  7:57  Pylon  
  77  7:59  Stalker  
  77  8:00  Stalker  
  77  8:05  Stalker x2  
  81  8:13  Stalker x3  
  87  8:20  Stalker  
  89  8:29  Pylon  
  89  8:31  Assimilator  
  89  8:33  Observer  
  89  8:36  Zealot x7  
  104  8:49  Robotics Bay  
  104  8:51  Nexus  
  98  8:59  Zealot  
  98  9:00  Pylon, Zealot x2  
  100  9:05  Zealot x2  
  100  9:08  Zealot  
  106  9:11  Zealot  
  106  9:14  Zealot  
  102  9:29  Zealot x5  
  102  9:30  Zealot  
  82  9:44  Zealot x2  
  64  9:53  Zealot x4  
  43  10:18  Zealot x2  
  40  10:48  Zealot  
  28  10:56  Gateway  
  23  10:59  Gateway  
Show
View Real Time Build Order
Export as new Build Order

LiquidClem Terran - Winner!

Build Orders:  

Get SALT Encoding   

  12  0:00  SCV  
  13  0:12  SCV  
  14  0:17  Supply Depot  
  14  0:24  SCV  
  15  0:38  SCV  
  15  0:40  Barracks  
  16  0:42  Refinery  
  16  0:50  SCV  
  17  1:02  SCV  
  18  1:14  SCV  
  19  1:27  Orbital Command  
  20  1:37  Command Center  
  20  1:38  Marine  
  20  1:50  Factory  
  20  1:55  SCV  
  21  2:01  Bunker  
  21  2:05  Marine  
  22  2:08  SCV  
  22  2:11  Supply Depot  
  23  2:15  Refinery  
  23  2:24  Barracks Reactor  
  23  2:33  SCV  
  24  2:39  Starport  
  24  2:45  SCV  
  24  2:46  Factory Tech Lab  
  24  2:50  Orbital Command  
  25  2:57  SCV  
  26  3:01  Marine x2  
  27  3:06  Cyclone  
  27  3:09  SCV  
  31  3:15  SCV  
  31  3:19  Marine x2  
  34  3:21  SCV  
  35  3:27  Supply Depot  
  35  3:29  Medivac  
  35  3:33  SCV  
  39  3:38  Barracks, Marine  
  39  3:39  Marine  
  40  3:47  Siege Tank  
  43  3:53  Barracks  
  43  3:57  Marine x2  
  43  4:01  Starport Tech Lab  
  45  4:07  Supply Depot  
  45  4:12  SCV x2  
  45  4:15  Marine x2  
  49  4:20  Siege Tank  
  52  4:28  Marine  
  53  4:33  Marine x2  
  55  4:39  Bunker  
  55  4:40  Marine  
  55  4:42  Supply Depot  
  55  4:44  Banshee  
  59  4:46  Marine  
  59  4:51  Marine, SCV  
  59  4:52  Marine  
  57  4:58  Marine, Siege Tank  
  54  5:03  SCV x2  
  54  5:04  Marine  
  52  5:09  Supply Depot, Marine  
  52  5:10  Marine  
  54  5:16  Marine  
  54  5:17  SCV x2  
  52  5:22  Marine  
  50  5:29  SCV  
  50  5:31  Marine x2  
  53  5:36  Supply Depot, Marine  
  53  5:38  Siege Tank  
  53  5:39  Marine  
  53  5:40  SCV  
  53  5:41  SCV  
  59  5:49  Marine, Engineering Bay  
  60  5:51  Marine  
  60  5:52  SCV  
  60  5:53  Marine, SCV  
  60  5:56  Banshee  
  67  5:59  Marine  
  66  6:05  SCV x2  
  66  6:06  Supply Depot  
  66  6:09  Marine x2  
  66  6:10  Refinery, Siege Tank  
  73  6:13  Marine  
  73  6:17  Marine  
  73  6:26  Bunker, SCV  
  73  6:27  Marine  
  73  6:31  Marine  
  71  6:35  Marine x2  
  71  6:36  Bunker  
  71  6:38  SCV x2  
  75  6:40  Banshee  
  78  6:50  SCV  
  78  6:51  Marine x2  
  78  6:52  Siege Tank  
  78  6:53  SCV  
  85  6:55  Marine  
  85  6:59  Barracks Tech Lab  
  86  7:02  SCV  
  86  7:03  Supply Depot  
  86  7:05  SCV  
  88  7:12  Marine  
  88  7:15  SCV  
  89  7:17  SCV  
  89  7:20  Stimpack, Marine  
  89  7:22  Terran Infantry Weapons Level 1  
  90  7:26  Refinery  
  90  7:27  Missile Turret, SCV  
  90  7:29  SCV  
  92  7:30  Marine  
  92  7:32  Marine  
  92  7:34  Supply Depot  
  94  7:39  Marine  
  94  7:41  Marine  
  94  7:42  Combat Shield  
  94  7:43  Starport Reactor  
  98  7:48  Command Center, Marine  
  97  7:51  Supply Depot  
  97  7:57  Marauder, Marine  
  100  7:59  Supply Depot x2  
  100  8:01  Marauder  
  102  8:06  Marine  
  102  8:08  Factory Reactor  
  100  8:15  Marine  
  100  8:18  Marauder  
  100  8:19  Barracks x2  
  103  8:21  Medivac x2  
  103  8:24  Marine x2  
  103  8:26  Supply Depot  
  106  8:33  SCV  
  107  8:34  SCV  
  107  8:35  Marine  
  107  8:40  Marauder  
  111  8:43  Marauder  
  111  8:44  Marine  
  111  8:46  Widow Mine  
  111  8:48  Widow Mine  
  118  8:51  Medivac x2  
  118  8:53  SCV  
  118  8:54  Marine  
  118  8:55  SCV  
  124  9:01  Orbital Command  
  124  9:05  Marauder, Supply Depot  
  125  9:10  Widow Mine x2  
  125  9:14  Marauder  
  125  9:16  Marine  
  125  9:17  Marine  
  132  9:18  Marine  
  134  9:27  Marauder, Marine  
  131  9:34  Marine  
  112  9:39  Marine  
  112  9:43  Orbital Command  
  108  9:47  Marine  
  91  10:02  Marine  
  86  10:12  Orbital Command  
  69  10:25  Orbital Command  
  67  10:28  Orbital Command  
  66  10:44  Marine  
  66  10:46  Marine  
Tags
 
Add a new tag
Caveats
  • Supply blocks, unpowered buildings, or Contaminate may cause inaccurate times.
  • Supply counts are checked every 10 seconds.